 Dungeon Crawl Stone Soup version 0.27.0 (webtiles) character file.

Game seed: 3860638735225503015

98 dolemite99 the Chopper (level 4, -1/39 HPs)
             Began as a Hill Orc Abyssal Knight on July 31, 2021.
             Was a Believer of Lugonu.
             Slain by an orc (4 damage)
             ... on level 3 of the Dungeon.
             The game lasted 00:06:47 (3252 turns).

dolemite99 the Chopper (Hill Orc Abyssal Knight)    Turns: 3252, Time: 00:06:47

Health: -1/39      AC:  3    Str: 15    XL:     4   Next: 71%
Magic:  0/5        EV: 11    Int: 12    God:    Lugonu [**....]
Gold:   67         SH:  0    Dex: 10    Spells: 3/3 levels left

rFire    . . .     SeeInvis .   a - +1 hand axe
rCold    . . .     Faith    .   (no shield)
rNeg     + . .     Spirit   +   b - +0 leather armour
rPois    .         Reflect  .   (no helmet)
rElec    .         Harm     .   (no cloak)
rCorr    .         Rampage  .   (no gloves)
Will     .....                  (no boots)
Stlth    ..........             s - amulet of guardian spirit
HPRegen  0.13/turn              i - ring of positive energy
MPRegen  0.09/turn              (no ring)

@: confused
A: no striking features
a: Renounce Religion, Depart the Abyss, Bend Space


You were on level 3 of the Dungeon.
You worshipped Lugonu.
Lugonu was pleased with you.
You visited 1 branch of the dungeon, and saw 3 of its levels.
You visited the Abyss 1 time.

You collected 128 gold pieces.
You spent 61 gold pieces at shops.

Inventory:

Hand Weapons
 a - a +1 hand axe (weapon)
 e - a +0 vampiric short sword
Missiles
 c - 27 sling bullets
 f - 60 stones
 o - 23 bolts
 q - 2 throwing nets
 r - 4 curare-tipped darts
Armour
 b - a +0 leather armour (worn)
Magical Staves
 d - a staff of conjuration
 j - a staff of earth
Jewellery
 g - a ring of protection from fire
 h - a +6 ring of strength
 i - a ring of positive energy (left hand)
 l - a ring of protection from fire
 n - a ring of see invisible
 s - an amulet of guardian spirit (around neck)
Scrolls
 p - 2 scrolls of identify {@r1}
 t - a scroll of teleportation
Potions
 k - a potion of degeneration {unknown}
 m - a potion of curing


   Skills:
 - Level 3.6 Fighting
 + Level 6.3 Axes
 - Level 2.1 Armour
 - Level 0.7 Dodging
 - Level 2.4 Invocations


You had 3 spell levels left.
You didn't know any spells.
Your spell library contained the following spells:

 Spells                   Type           Power      Damage    Failure   Level
 Slow                     Hex            0%         N/A       52%         2
 Confusing Touch          Hex            0%         N/A       77%         3
 Stone Arrow              Conj/Erth      0%         3d7       77%         3
 Vampiric Draining        Necr           0%         2d6       77%         3
 Bolt of Magma            Conj/Fire/Erth 0%         4d4       100%        5
 Shatter                  Erth           0%         3d5*      100%        9


Dungeon Overview and Level Annotations

Branches:
Dungeon (3/15)

Altars:

Shops:
D:2 (*!*?

Annotations:
D:3 1 transporter, Spaninq's ghost, weakling SpDe


Message History

A puff of flame appears from out of thin air!
Deactivating autopickup; reactivate with Ctrl-A.
The puff of flame hits you.
Your Axes skill increases to level 6!
Something hits you.
Things that are here:
a +0 dagger; a +0 robe; an orc corpse You miss something.
Something hits you.
You miss something. Something hits you.
You miss something. Something hits you but does no damage.
You closely miss something. Something completely misses you.
You hit something. Something hits you.
* * * LOW HITPOINT WARNING * * *
You miss something. Something hits you.
* * * LOW HITPOINT WARNING * * *
You slash something! Something hits you but does no damage.
You miss something. Something hits you.
* * * LOW HITPOINT WARNING * * *
You barely miss something. Something hits you but does no damage.
You hit something but do no damage. Something hits you.
* * * LOW HITPOINT WARNING * * *
You miss something. Something hits you.
* * * LOW HITPOINT WARNING * * *
You hit something but do no damage. Something hits you.
* * * LOW HITPOINT WARNING * * *
You barely miss something. Something hits you but does no damage.
You completely miss something. Something hits you but does no damage.
You barely miss something. Something hits you but does no damage.
You hit something.
An orc wizard appears from thin air!
Reactivating autopickup.
The orc wizard points at you and mumbles some strange words.
You are confused.
The orc barely misses you.
You're too confused to move!
The orc barely misses you.
The orc wizard gestures wildly while chanting.
The orc wizard flickers and vanishes!
Deactivating autopickup; reactivate with Ctrl-A.
You bump into the translucent stone wall.
The orc hits you with a +0 hand axe.
You die...

#....# #.... #....#
####. ###....#####....
#.'.............
########.#....#####....
#.............#########
#.....................
#...........##.#######
#####o@.....##.#
###o......#####'#####
#.oS#####...........#
#.###555###.......#.#
#)#5.W....##.........#
##o#...#.#..#........##
#.o#...#.#..#........#
#o##.#.... ##........#
#S#.#...#. .........#


You could see 2 quasits, Spaninq's ghost, 3 orcs and a ball python.

Vanquished Creatures
  An orc wizard (D:3)
  2 adders
  A dart slug (D:1)
  3 ball pythons (D:1)
  3 bats
  3 endoplasms
  2 giant cockroaches
  5 hobgoblins
  8 jackals
  5 kobolds
  A quokka (D:1)
  3 frilled lizards
  4 goblins
  8 rats
49 creatures vanquished.

Notes
Turn   | Place    | Note
-------+----------+-------------------------------------------
     0 | Abyss:1  | dolemite99 the Hill Orc Abyssal Knight began the quest for
                  | the Orb.
     0 | Abyss:1  | Reached XP level 1. HP: 19/19 MP: 2/2
    21 | D:1      | Escaped the Abyss
    72 | D:1      | Reached skill level 3 in Axes
   232 | D:1      | Reached XP level 2. HP: 19/26 MP: 3/3
   378 | D:1      | Reached skill level 4 in Axes
   875 | D:1      | Reached ** piety under Lugonu
   876 | D:1      | Reached XP level 3. HP: 19/31 MP: 4/4
  2082 | D:2      | Found Vuxaigg's Distillery.
  2083 | D:2      | Found Dathac's Antique Weapon Shop.
  2098 | D:2      | Found Tosme's Assorted Antiques.
  2100 | D:2      | Bought a potion of curing for 36 gold pieces
  2121 | D:2      | Reached skill level 5 in Axes
  2157 | D:2      | Found a faded altar of an unknown god.
  2186 | D:2      | Found Xigixt's Assorted Antiques.
  2505 | D:2      | Bought a scroll labelled QAVEIN SOENEO for 25 gold pieces
  2630 | D:2      | Found Uriudun's Magic Scroll Shop.
  3009 | D:3      | Reached XP level 4. HP: 36/39 MP: 5/5
  3182 | D:3      | Found a transporter.
  3191 | D:3      | Noticed Spaninq's ghost (weakling SpDe)
  3225 | D:3      | Reached skill level 6 in Axes
  3237 | D:3      | HP: 1/39 [something (1)]
  3252 | D:3      | Slain by an orc

Illustrated notes

Levels and vault maps discovered:
D:1:      dpeg_arrival_short_road, layout_loops_corners
D:2:      layout_basic, ebering_ecumenical_altar_rust, serial_shops,
          nicolae_shop_window_shopping, shop, shop,
          nicolae_shop_temple_entry_statues_fountains, shop
D:3:      layout_basic, gammafunk_ghost_stat_death, grunt_ministairs_10,
          hex_tiny, chequers_serial_rivers_small_b

Skill      XL: |  1  2  3  4 |
---------------+-------------+-----
Axes           | 3 4 5 6 |  6.3
Fighting       | |  3.6
Armour         | |  2.1
Dodging        | |  0.7
Invocations    | |  2.4

Action                   |  1- 3 |  4- 6 || total
-------------------------+-------+-------++-------
Melee: Hand axe          |   157 |    43 ||   200
  Use: Scroll            |     5 |       ||     5
       Potion            |       |     2 ||     2
Armor: Leather armour    |    53 |    13 ||    66
Dodge: Dodged            |    89 |    14 ||   103
